 Dungeon Crawl Stone Soup version 0.19-a0-1238-gee6bd96 (webtiles) character file.

27 Amnesiac the Grave Robber (level 2, -1/19 HPs)
             Began as a Mummy Necromancer on Aug 26, 2016.
             Slain by a hound (6 damage)
             ... on level 4 of the Dungeon.
             The game lasted 00:01:45 (827 turns).

Amnesiac the Grave Robber (Mummy Necromancer)        Turns: 827, Time: 00:01:46

Health: -1/19      AC:  2    Str: 11    XL:     2   Next: 93%
Magic:  0/5        EV: 12    Int: 14    God:
Gold:   90         SH:  0    Dex: 12    Spells: 1 memorised, 4 levels left

rFire  x . .     SeeInvis .     (no weapon)
rCold  + . .     Gourm    .     a - +0 robe
rNeg   + + +     Faith    .     (no shield)
rPois  ∞         Spirit   .     (no helmet)
rElec  .         Dismiss  +     (no cloak)
rCorr  .         Reflect  .     (no gloves)
MR     .....     Harm     .     (no boots)
Stlth  ++........               f - amulet of dismissal
                                (no ring)
                                h - ring of poison resistance

@: about to teleport
A: no food or potions, fire vulnerability, cold resistance 1, negative energy
resistance 3, torment resistance, unbreathing
a: no special abilities


You were on level 4 of the Dungeon.
You were not hungry.

You visited 1 branch of the dungeon, and saw 4 of its levels.

You collected 90 gold pieces.

Inventory:

Armour
 a - a +0 robe (worn)
Jewellery
 f - an amulet of dismissal (around neck)
 h - a ring of poison resistance (left hand)
Wands
 i - a wand of disintegration (10/24)
 j - a wand of lightning (9/15)
Scrolls
 c - a scroll of amnesia
 d - a scroll of remove curse
 e - 2 scrolls of teleportation
 g - a scroll of recharging {unknown}
Books
 b - a book of Necromancy

   Spells                             Type                      Level
   a - Pain                           Necromancy                   1
   b - Animate Skeleton               Necromancy                   1
   c - Vampiric Draining              Necromancy                   3
   d - Regeneration                   Charms/Necromancy            3
   e - Animate Dead                   Necromancy                   4
   f - Control Undead                 Necromancy                   4


   Skills:
 - Level 1.5 Dodging
 - Level 1.5 Stealth
 + Level 2.4 Spellcasting
 * Level 4.6 Necromancy


You had 4 spell levels left.
You knew the following spells:

 Your Spells              Type           Power        Failure   Level  Hunger
z - Pain                  Necr           ##..         3%          1    N/A

Dungeon Overview and Level Annotations

Branches:
Dungeon (4/15)
 Temple: D:4-7

Altars:

Annotations:
D:4 Edmund, Eustachio


Innate Abilities, Weirdness & Mutations

You do not eat or drink.
Your flesh is vulnerable to fire.
You are immune to poison.
Your flesh is cold resistant. (rC+)
You are immune to negative energy. (rN+++)
You are immune to unholy pain and torment.
You can survive without breathing.


Message History

Casting: Pain
Confirm with . or Enter, or press ? or * to list all spells.
You don't have enough magic to cast that spell.
Casting: Pain
Confirm with . or Enter, or press ? or * to list all spells.
You don't have enough magic to cast that spell.
You can't drink.
You can't drink.
As you read the scroll labeled YMEOJ XIMUSUO, it crumbles to dust.
It is a scroll of amnesia.
Forget which spell ([?*] list [ESC] exit)?
Forget which spell ([?*] list [ESC] exit)?
Okay, then.
The hound barely misses you.
As you read the scroll of teleportation, it crumbles to dust.
You feel strangely unstable. The hound bites you. x2
* * * LOW HITPOINT WARNING * * *
Unknown command.
The hound bites you.
You die...

......####.......#
####.............#
#.#####.......#
#.# ###...#.# #.#
#####...#.# #.#
#......##.# #.#
#.#######.# .....#
#.# #h# ###### #.#
#@# #.# #.# #.####
#.##########
#....#
#.##.......#
####.#
#.##.#####.# #.#
#.##.#####.# #.#
#.......##.# #.#
####.##.##[# #.#
#.##.##.#


You could see a hound.

Vanquished Creatures
  An adder (D:4)
  A dart slug (D:1)
  A giant gecko (D:3)
  3 orcs (D:4)
  2 goblins (D:1)
  A hobgoblin (D:1)
  A kobold (D:3)
  2 rats (D:3)
12 creatures vanquished.

Notes
Turn   | Place    | Note
-------+----------+-------------------------------------------
     0 | D:1      | Amnesiac the Mummy Necromancer began the quest for the Orb.
     0 | D:1      | Reached XP level 1. HP: 13/13 MP: 3/3
   273 | D:3      | Reached XP level 2. HP: 19/19 MP: 3/5
   501 | D:4      | Noticed Eustachio
   518 | D:4      | Noticed Edmund
   827 | D:4      | Slain by a hound

Vault maps used:
D:1:      minmay_arrival_five_plusses
D:2:      minitemple, grunt_ashenzari_visionary
D:3:      uniq_jessica
D:4:      first_bread, minivault_25, uniq_eustachio, uniq_edmund

Action                   || total
-------------------------++-------
 Cast: Pain              ||    28
  Use: Scroll            ||     7
Dodge: Dodged            ||     3
